 Dungeon Crawl Stone Soup version 0.31-a0-1327-g8c40ea976f (webtiles) character file.

Game seed: 17611160428427290982

23033 Bnni the Geomancer (level 13, -4/90 HPs)
             Began as a Formicid Earth Elementalist on Dec 21, 2023.
             Was a High Priest of Cheibriados.
             Slain by an entropy weaver (7 damage)
             ... in a Gauntlet.
             The game lasted 00:31:49 (14007 turns).

Bnni the Geomancer (Formicid Earth Elementalist)   Turns: 14007, Time: 00:31:50

Health: -4/90      AC:  9    Str: 26    XL:     13   Next: 32%
Magic:  16/21      EV: 11    Int: 31    God:    Cheibriados [*****.]
Gold:   986        SH: 12    Dex: 31    Spells: 8/22 levels left

rFire   . . .        H - staff of earth
rCold   . . .        M - +0 buckler
rNeg    . . .        G - +0 crystal plate armour
rPois   .            (helmet unavailable)
rElec   .            (no cloak)
rCorr   .            (no gloves)
SInv    +            (no boots)
Will    +....        t - amulet of reflection Stlth
                     r - ring of the Exiled Scars {AC+4 Dex+5}
HPRegen 0.35/turn    l - +5 ring of evasion
MPRegen 0.17/turn

%: reflection
@: corroded, studying 2 skills, very slow
A: permanent stasis, dig shafts and tunnels, antennae 3, four strong arms, frail
1, persistent drain
a: Dig, Renounce Religion, Bend Time, Temporal Distortion, Slouch, Step From
Time


You were in a Gauntlet.
You worshipped Cheibriados.
Cheibriados was extremely pleased with you.
You visited 3 branches of the dungeon, and saw 14 of its levels.
You also visited: Gauntlet.

You collected 986 gold pieces.

Inventory:

Hand Weapons
 A - a +2 whip of venom
Missiles
 I - a curare-tipped dart
Armour
 E - a +4 chain mail of poison resistance
 G - a +0 crystal plate armour (worn)
 M - a +0 buckler (worn)
Magical Staves
 H - a staff of earth (weapon)
 K - a staff of conjuration
Jewellery
 j - a ring of protection from fire
 l - a +5 ring of evasion (right hand)
 r - the ring of the Exiled Scars (left hand) {AC+4 Dex+5}
   (You found it on level 3 of the Dungeon)

   [ring of protection]

   AC+4:      It affects your AC (+4).
   Dex+5:     It affects your dexterity (+5).
 t - an amulet of reflection (around neck)
 w - a ring of poison resistance
 z - a ring of positive energy
 C - a ring of flight
 N - a ring of ice
 O - the ring of Zoarcha {^Contam rC+ rN+++ Str-4 Dex+6}
   (You found it in a Gauntlet)

   [ring of dexterity]

   Str-4:     It affects your strength (-4).
   Dex+6:     It affects your dexterity (+6).
   rC+:       It protects you from cold.
   rN+++:     It renders you almost immune to negative energy.
   ^Contam:   It causes magical contamination when unequipped.
Wands
 y - a wand of iceblast (3)
 F - a wand of paralysis (3)
 L - a wand of quicksilver (4)
Scrolls
 a - a scroll of immolation
 c - 2 scrolls of vulnerability {unknown}
 d - 4 scrolls of enchant weapon {unknown}
 e - 3 scrolls of fear {unknown}
 i - 4 scrolls of noise {unknown}
 m - 5 scrolls of teleportation {unknown}
 n - a scroll of revelation {unknown}
 q - a scroll of enchant armour {unknown}
 s - a scroll of amnesia {unknown}
 v - 2 scrolls of summoning
 B - 2 scrolls of brand weapon
 D - 3 scrolls of poison
Potions
 b - 4 potions of magic
 f - 2 potions of resistance {unknown}
 g - 3 potions of might
 h - a potion of mutation
 k - 6 potions of heal wounds
 o - 2 potions of lignification
 p - 5 potions of curing
 u - 3 potions of enlightenment
 x - 2 potions of cancellation
 J - a potion of attraction {unknown}


   Skills:
 + Level 9.6 Fighting
 * Level 12.1 Armour
 - Level 1.7 Dodging
 - Level 2.4 Stealth
 + Level 1.9 Shields
 - Level 5.0 Spellcasting
 - Level 5.0 Conjurations
 + Level 13.3 Earth Magic
 - Level 2.0 Alchemy
 * Level 11.5 Invocations


You had 8 spell levels left.
You knew the following spells:

 Your Spells              Type           Power      Damage    Failure   Level
a - Sandblast             Erth           100%       2d20      1%          1
b - Passwall              Alch/Erth      58%        N/A       13%         2
c - Stone Arrow           Conj/Erth      100%       3d13      14%         3
d - Brom's Barrelling Bo  Conj/Erth      77%        2d9       43%         4
e - Petrify               Alch/Erth      70%        N/A       65%         4

Your spell library contained the following spells:

 Spells                   Type           Power      Damage    Failure   Level
 Magic Dart               Conj           100%       1d8       26%         1
 Apportation              Tloc           14%        N/A       90%         1
 Necrotise                Necr           28%        1d5       90%         1
 Call Imp                 Summ           14%        N/A       97%         2
 Jinxbite                 Hex            14%        N/A       97%         2
 Vampiric Draining        Necr           7%         2d6       99%         3
 Volatile Blastmotes      Fire/Tloc      14%        2d11      99%         3
 Fulminant Prism          Conj/Alch      14%        3d9       99%         4
 Iskenderun's Mystic Bla  Conj/Tloc      23%        2d6       100%        4
 Agony                    Necr           7%         N/A       100%        5
 Alistair's Intoxication  Alch           13%        N/A       100%        5
 Blink                    Tloc           Unusable   N/A       N/A         2

Dungeon Overview and Level Annotations

Branches:
Dungeon (12/15)            Temple (1/1) D:5            Lair (1/5) D:10
    Orc (0/2) D:9         Gauntlet (1/1)

Altars:
Ashenzari
Cheibriados
Dithmenos
Elyvilon
Fedhas
Gozag
Hepliaklqana
Kikubaaqudgha
Makhleb
Nemelex Xobeh
Okawaru
Qazlal
Ru
Sif Muna
Trog
Uskayaw
Vehumet
Wu Jian
Xom
Yredelemnul
Zin
The Shining One

Shops:
D:6 [   D:9 :

Annotations:
Temple 2 transporters Gauntlet 7 transporters, 3 runed translucent doors


Innate Abilities, Weirdness & Mutations

You cannot be hasted, slowed, berserked, paralysed or teleported.
You can dig through walls and to a lower floor.
You have a pair of large antennae on your head. (SInv)
Your four strong arms can wield two-handed weapons with a shield.
You are frail. (-10% HP)
Your health recovers twice as slowly from being drained.


Message History

The entropy weaver hits you but does no damage.
The entropy weaver hits you. You block the redback's attack.
Aiming: Sandblast (safe; 1% risk of failure)
Press: ? - help, Q - select action, (/) - cycle Shift-Dir - straight line, f - redback
Aim: a redback (82% to hit)
You feel a surge of power!
The blast of sand hits the redback!!
The redback is severely wounded.
You block the entropy weaver's attack. x2
The entropy weaver hits you but does no damage.
The entropy weaver hits you. The redback bites you.
The entropy weaver casts a spell at you.
The entropic weave corrodes you!
The redback bites you but does no damage.
Unknown command.
Aiming: Sandblast (safe; 1% risk of failure)
Press: ? - help, Q - select action, (/) - cycle Shift-Dir - straight line, f/p - redback
Aim: a redback (severely wounded, 82% to hit)
You feel a surge of power!
The blast of sand misses the redback.
The redback completely misses you. The entropy weaver closely misses you.
You block the entropy weaver's attack. x2
The entropy weaver hits you but does no damage.
The redback bites you but does no damage.
The entropy weaver casts a spell at you.
The entropic weave corrodes you!
Aiming: Sandblast (safe; 1% risk of failure)
Press: ? - help, Q - select action, (/) - cycle Shift-Dir - straight line, f/p - redback
Aim: a redback (severely wounded, 82% to hit)
You feel a surge of power!
The blast of sand hits the redback!!
You kill the redback!
Cheibriados appreciates the change of pace.
You block the entropy weaver's attack. The entropy weaver hits you!
* * * LOW HITPOINT WARNING * * *
The entropy weaver barely misses you. You block the entropy weaver's attack.
The shadow imp disappears for a moment.
The entropy weaver hits you.
* * * LOW HITPOINT WARNING * * *
The entropy weaver hits you!
* * * LOW HITPOINT WARNING * * *
The entropy weaver hits you!
You die...

## ### ### ### ### ### #
##≈###≈###≈###≈###≈###≈###
#≈≈≈#≈≈≈#≈≈≈#≈≈≈#≈≈≈#≈≈≈#≈
#≈.......................
##.#########...#########.
##≈.#.!#....#.8.#.......#.
#≈≈.#[(#.##.#...#..#....#. ..
##≈.###'B##.#####.###...## #.8
##.#©.'†@.©#©.©#©.#©#..#©
....##..###'#####.8.#...###.#.
#.8.#...#.......#...#....#..#.
#...#.∩.#.......#.8.#.......#.
#.©.#...#########...#########.
#...#.8.....#.....8.#.........
#.©.#...#########...#########.
#...#.∩.#...4245#.8.#Y9$....#.
#.8.#...#4###+#.#...#9#####.#.


You could see a reaper, an entropy weaver, 2 hellwings and a shadow imp.

Vanquished Creatures
  Erica (D:10)
  4 two-headed ogres
  Urug (D:11)
  Pikel (D:8)
  2 deep elf archers (D:9)
  An arcanist (Gauntlet)
  2 deep elf pyromancers (D:9)
  An oklob plant (Gauntlet)
  A wolf spider (Gauntlet)
  3 ugly things
  Joseph (D:9)
  A cane toad (Lair:1)
  An unseen horror (D:10)
  Maggie (D:9)
  2 kobold demonologists
  A yaktaur (shapeshifter) (D:9)
  An ice devil (D:11)
  3 red devils (D:12)
  6 trolls
  A troll (shapeshifter) (D:9)
  Sigmund (D:2)
  A jumping spider (Gauntlet)
  3 shadows
  A vampire (D:12)
  20 yaks
  A wraith (D:9)
  2 fire bats (D:9)
  2 humans (shapeshifter) (D:9)
  A redback (Gauntlet)
  A steam dragon (D:8)
  9 vampire mosquitoes
  2 neqoxecs (D:11)
  A chaos spawn (D:11)
  4 acid dragons
  A water moccasin (D:8)
  5 orc warriors
  A sky beast (D:9)
  7 ice beasts (D:9)
  An ogre (D:7)
  2 centaurs (D:8)
  2 phantoms
  3 bullfrogs
  4 kobold brigands
  A gnoll sergeant (D:12)
  2 scorpions (D:6)
  4 wights
  6 howler monkeys
  3 gnoll boudas
  3 hounds
  9 orc priests
  A sleepcap (D:4)
  A jelly (D:4)
  An iguana (D:5)
  12 orc wizards
  Robin (D:3)
  17 gnolls
  9 adders
  5 white imps
  2 ufetubi (D:5)
  4 worms
  37 orcs
  5 ball pythons
  8 endoplasms
  2 giant cockroaches
  10 hobgoblins
  2 jackals (D:4)
  4 quokkas
  4 bats
  5 frilled lizards
  14 goblins
  22 kobolds
  9 rats
313 creatures vanquished.

Notes
Turn   | Place    | Note
-------+----------+-------------------------------------------
     0 | D:1      | Bnni the Formicid Earth Elementalist began the quest for
                  | the Orb.
     0 | D:1      | Reached XP level 1. HP: 13/13 MP: 3/3
   145 | D:1      | Reached XP level 2. HP: 20/20 MP: 3/5
   434 | D:1      | Reached skill level 4 in Earth Magic
   639 | D:1      | Found a faded altar of an unknown god.
   930 | D:1      | Reached XP level 3. HP: 25/25 MP: 4/6
  1017 | D:1      | Reached skill level 1 in Fighting
  1087 | D:1      | Learned a level 2 spell: Passwall
  1091 | D:1      | Learned a level 3 spell: Stone Arrow
  1212 | D:2      | Reached XP level 4. HP: 32/32 MP: 6/8
  1255 | D:2      | Noticed Sigmund
  1261 | D:2      | Killed Sigmund
  1262 | D:2      | Reached skill level 5 in Earth Magic
  1262 | D:2      | Reached XP level 5. HP: 20/39 MP: 3/10
  1262 | D:2      | Reached XP level 6. HP: 23/46 MP: 3/11
  1263 | D:2      | Reached skill level 6 in Earth Magic
  1380 | D:2      | Learned a level 4 spell: Brom's Barrelling Boulder
  2183 | D:3      | Identified the ring of the Exiled Scars {AC+4 Dex+5}
  2458 | D:3      | Noticed Robin
  2463 | D:3      | Killed Robin
  2604 | D:3      | Reached skill level 1 in Conjurations
  2944 | D:4      | Reached XP level 7. HP: 52/52 MP: 8/12
  3294 | D:4      | Found a radiant altar of Vehumet.
  3855 | D:5      | Entered Level 5 of the Dungeon
  3968 | D:5      | Found a burning altar of Makhleb.
  4066 | D:5      | Reached skill level 7 in Earth Magic
  4578 | D:5      | Found a staircase to the Ecumenical Temple.
  4587 | Temple   | Found a transporter.
  4587 | Temple   | Found a transporter.
  4587 | Temple   | Found a transporter.
  4587 | Temple   | Found a transporter.
  4587 | Temple   | Entered the Ecumenical Temple
  4857 | D:6      | Found Peluz's Antique Armour Emporium.
  4956 | D:6      | Reached XP level 8. HP: 58/59 MP: 12/14
  4962 | D:6      | Reached skill level 1 in Armour
  5322 | D:6      | Found an opulent altar of Gozag.
  5707 | D:7      | Reached skill level 8 in Earth Magic
  6022 | D:7      | Reached XP level 9. HP: 66/66 MP: 13/16
  6160 | D:7      | Reached skill level 5 in Spellcasting
  6599 | D:8      | Noticed Pikel
  6607 | D:8      | Killed Pikel
  6608 | D:8      | Reached skill level 5 in Fighting
  6608 | D:8      | Reached skill level 5 in Conjurations
  6608 | D:8      | Reached skill level 9 in Earth Magic
  6614 | D:8      | Learned a level 4 spell: Petrify
  6681 | D:8      | Reached skill level 10 in Earth Magic
  6731 | D:8      | Reached skill level 5 in Armour
  6731 | D:8      | Reached XP level 10. HP: 63/76 MP: 13/17
  6882 | D:8      | Found an ancient bone altar of Kikubaaqudgha.
  6883 | D:8      | Found a stormy altar of Qazlal.
  7116 | D:8      | Found a snail-covered altar of Cheibriados.
  7129 | D:8      | Became a worshipper of Cheibriados the Contemplative
  7473 | D:8      | Reached skill level 1 in Invocations
  7629 | D:8      | Reached * piety under Cheibriados
  7739 | D:9      | Noticed Maggie
  7749 | D:9      | Killed Maggie
  7750 | D:9      | Reached skill level 11 in Earth Magic
  7896 | D:9      | Noticed a two-headed ogre
  7902 | D:9      | Killed a two-headed ogre
  7998 | D:9      | Found a blossoming altar of Fedhas.
  8097 | D:9      | Noticed Joseph
  8102 | D:9      | Killed Joseph
  8278 | D:9      | Noticed a deep elf archer
  8301 | D:9      | Killed a deep elf archer
  8302 | D:9      | Reached skill level 5 in Invocations
  8302 | D:9      | Reached XP level 11. HP: 27/84 MP: 10/18
  8479 | D:9      | Noticed a deep elf archer
  8496 | D:9      | Killed a deep elf archer
  8613 | D:9      | Noticed a deep elf pyromancer
  8617 | D:9      | Reached ** piety under Cheibriados
  8618 | D:9      | Reached skill level 12 in Earth Magic
  8628 | D:9      | Killed a deep elf pyromancer
  9046 | D:9      | Noticed a deep elf pyromancer
  9050 | D:9      | Killed a deep elf pyromancer
  9265 | D:9      | Found Hopol's Book Shoppe.
  9547 | D:9      | Found a staircase to the Orcish Mines.
  9776 | D:10     | Entered Level 10 of the Dungeon
  9933 | D:10     | Reached *** piety under Cheibriados
 10006 | D:10     | Found a staircase to the Lair.
 10391 | D:10     | Noticed Erica
 10398 | D:10     | Killed Erica
 10541 | D:10     | Reached XP level 12. HP: 92/92 MP: 15/19
 10873 | D:11     | Reached skill level 10 in Armour
 10920 | D:11     | Noticed a two-headed ogre
 10929 | D:11     | Killed a two-headed ogre
 11004 | D:11     | Reached **** piety under Cheibriados
 11373 | D:11     | Noticed Urug
 11381 | D:11     | Killed Urug
 11706 | D:11     | Noticed a two-headed ogre
 11713 | D:11     | Killed a two-headed ogre
 11809 | D:11     | Reached skill level 10 in Invocations
 11879 | D:11     | Gained mutation: Your health recovers twice as slowly from
                  | being drained. [a neqoxec]
 11883 | D:11     | Gained mutation: You are frail. (-10% HP) [a neqoxec]
 12164 | D:11     | Noticed a two-headed ogre
 12168 | D:11     | Killed a two-headed ogre
 12341 | D:12     | Reached skill level 13 in Earth Magic
 12590 | D:12     | Reached ***** piety under Cheibriados
 12591 | D:12     | Reached XP level 13. HP: 60/90 MP: 9/21
 13587 | Lair:1   | Entered Level 1 of the Lair of Beasts
 13675 | Lair:1   | Found a gate leading to a gauntlet.
 13680 | Gauntlet | Entered a Gauntlet
 13680 | Gauntlet | Found a transporter.
 13680 | Gauntlet | Found a transporter.
 13702 | Gauntlet | Found a transporter.
 13709 | Gauntlet | Found a runed translucent door.
 13712 | Gauntlet | Found a transporter.
 13714 | Gauntlet | Found a transporter.
 13716 | Gauntlet | Noticed a catoblepas
 13718 | Gauntlet | Found a runed translucent door.
 13718 | Gauntlet | Found a runed translucent door.
 13722 | Gauntlet | Found a transporter.
 13722 | Gauntlet | Noticed a reaper
 13735 | Gauntlet | Noticed an entropy weaver
 13737 | Gauntlet | Found a runed translucent gate.
 13738 | Gauntlet | Found a transporter.
 13738 | Gauntlet | Found a runed translucent gate.
 13739 | Gauntlet | Found a runed translucent gate.
 13752 | Gauntlet | Found a transporter.
 13756 | Gauntlet | Found a transporter.
 13764 | Gauntlet | Found a transporter.
 13768 | Gauntlet | Found a transporter.
 13792 | Gauntlet | Found a transporter.
 13826 | Gauntlet | Reached skill level 1 in Shields
 13831 | Gauntlet | Identified the ring of Zoarcha {^Contam rC+ rN+++ Str-4
                  | Dex+6}
 14007 | Gauntlet | HP: 3/90 [entropy weaver (9)]
 14007 | Gauntlet | Slain by an entropy weaver

Illustrated notes

Levels and vault maps discovered:
D:1:      dpeg_arrival_windows_large_door, layout_basic,
          chequers_ecumenical_altar_simple
D:2:      layout_loops_ring, st_stairs_10, uniq_sigmund
D:3:      layout_loops_ring, uniq_robin
D:4:      layout_basic, mainiacjoe_overflow_small_starburst, minmay_manual_mail
D:5:      cheibrodos_helix_gallery, layout_cave_pools,
          overflow_temple_1_default, minmay_temple_entry_poolview
D:6:      layout_basic, grunt_gozag_breadcrumbs, serial_curves, eino_curves_03,
          eino_curves_02, eino_curves_02, eino_curves_04, serial_shops,
          nicolae_shop_waterfront
D:7:      layout_cave_pods
D:8:      layout_rooms, mainiacjoe_overflow_divided_tiny,
          cheibrodos_worm_habitat, kennysheep_cluttered_room,
          roderic_roman_lattice, uniq_pikel
D:9:      dpeg_index_elf_rogue_hall, layout_basic, fedhas_altar_4, serial_shops,
          shop, uniq_joseph, uniq_maggie
D:10:     layout_loops_ring, lair_entry_dummy, serial_bayou_pond_c,
          serial_park_tiny_2, uniq_erica
D:11:     layout_loops_ring, nicolae_neqoxec_dot_bat, uniq_urug
D:12:     layout_loops_ring, einodemon_armed_red_devil_minivault
Temple:   hellmonk_temple_divided_pantheon
Lair:1:   layout_roguey, gauntlet_entry_generic, grunt_megastairs_1,
          lemuel_fruit_fields, uniq_jeremiah
Gauntlet: minmay_gauntlet_77_indecision [minmay_gauntlet_arena_77_checkered,
          minmay_gauntlet_arena_77_radiant_squares,
          minmay_gauntlet_arena_77_double_cross, minmay_gauntlet_arena_77_path,
          minmay_gauntlet_arena_77_run_for_it,
          minmay_gauntlet_arena_77_shame_cube,
          nicolae_gauntlet_exit_dead_adventurers]

Skill      XL: |  1  2  3  4  5  6  7  8  9 10 11 12 13 |
---------------+----------------------------------------+-----
Alchemy        | 2 |  2.0
Earth Magic    | 4 5 6 7 8 10 11 12 13 | 13.3
Fighting       | 1 2 3 4 5 7 8 9 |  9.6
Spellcasting   | 3 4 5 |  5.0
Conjurations   | 1 2 4 5 |  5.0
Armour         | 2 5 7 9 11 12 | 12.1
Invocations    | 5 8 10 11 | 11.5
Shields        | 1 |  1.9
Dodging        | |  1.7
Stealth        | |  2.4

Action                     |  1- 3 |  4- 6 |  7- 9 | 10-12 | 13-15 || total
---------------------------+-------+-------+-------+-------+-------++-------
  Melee: Short sword       |     5 |     9 |       |       |       ||    14
         Whip              |       |       |    22 |    33 |       ||    55
         Staff             |       |       |       |    63 |     4 ||    67
         Punch             |       |       |       |     2 |       ||     2
  Throw: Dart              |       |       |       |     2 |       ||     2
   Cast: Sandblast         |    33 |    74 |   138 |   335 |    78 ||   658
         Stone Arrow       |       |       |     1 |       |       ||     1
  Evoke: Wand              |       |       |     2 |     7 |       ||     9
    Use: Scroll            |     2 |     3 |     5 |     3 |     1 ||    14
         Potion            |       |       |       |     1 |     1 ||     2
 Armour: Robe              |     5 |    19 |    11 |       |       ||    35
         Scale mail        |       |       |    55 |     5 |       ||    60
         Chain mail        |       |       |       |    75 |       ||    75
         Crystal plate arm |       |       |       |   146 |    73 ||   219
  Dodge: Dodged            |     8 |    14 |    61 |   155 |    42 ||   280
  Block: Other             |       |       |    16 |    67 |    13 ||    96
         Reflection        |       |       |     1 |     5 |     1 ||     7
         Buckler           |       |       |       |       |    24 ||    24

Table legend: (Time is in decaauts)
 A = Elapsed time spent in this place.
 B = Non-inter-level travel time spent in this place.
 C = Inter-level travel time spent in this place.
 D = Time resting spent in this place.
 E = Time spent auto-exploring this place.
 F = Levels seen in this place.
 G = Mean time per level.
                   A        B        C        D        E       F      G
               +--------+--------+--------+--------+--------+-----+--------+
         Total |  16581 |  15941 |    640 |   1303 |  11776 |  15 | 1105.4 |
       Dungeon |  15914 |  15274 |    640 |   1212 |  11593 |  12 | 1326.2 |
        Temple |      1 |      1 |      0 |      0 |      0 |   1 |    1.0 |
          Lair |    158 |    158 |      0 |      0 |      0 |   1 |  158.0 |
      Gauntlet |    507 |    507 |      0 |     91 |    183 |   1 |  507.0 |
               +--------+--------+--------+--------+--------+-----+--------+

Top non-repeatable levels by time:
     D:9: 2559 daAuts
    D:11: 2087 daAuts
    D:12: 1807 daAuts
    D:10: 1457 daAuts
     D:8: 1297 daAuts
     D:7: 1112 daAuts
     D:1: 1105 daAuts
     D:2: 1045 daAuts
     D:4: 927 daAuts
     D:6: 851 daAuts
     D:3: 838 daAuts
     D:5: 823 daAuts
Gauntlet: 507 daAuts
  Lair:1: 158 daAuts
  Temple: 1 daAuts
